Map: Ever Dream LE

Players

Solar - Winner!

  • Race: Zerg Zerg
  • Spawn Location: 7:00

Liquidthermy (uThermal)

  • Race: Terran Terran
  • Spawn Location: 1:00

Event: StayAtHomestory Cup #2

VOD

Have the link to the VOD?

Description

Time

  • Played on: June 13, 2020, 5:24 a.m.
  • Length: 11:48

All games in this series

Show
View Real Time Build Order
Export as new Build Order

Solar Zerg - Winner!

Build Orders: Hatch First, Muta Ling Bane 

Get SALT Encoding   

  12  0:01  Drone  
  13  0:12  Overlord  
  13  0:17  Drone  
  14  0:31  Drone x2  
  16  0:47  Hatchery  
  15  0:51  Drone  
  15  0:56  Drone  
  17  0:59  Drone  
  18  1:10  Extractor  
  17  1:14  Spawning Pool  
  17  1:17  Drone  
  17  1:20  Drone  
  18  1:28  Drone  
  19  1:39  Drone  
  20  1:52  Overlord  
  20  2:01  Queen x2, Zergling x4  
  26  2:12  Drone x2  
  28  2:24  Hatchery  
  28  2:29  Metabolic Boost  
  27  2:32  Drone  
  27  2:36  Drone  
  29  2:41  Queen  
  31  2:50  Overlord  
  31  2:57  Drone x2  
  31  2:58  Drone x3  
  36  3:11  Drone x4  
  36  3:12  Drone  
  41  3:17  Queen  
  43  3:22  Overlord  
  43  3:24  Drone  
  43  3:32  Overlord  
  43  3:38  Queen, Drone  
  47  3:41  Drone x2  
  47  3:43  Drone x3  
  47  3:45  Drone  
  52  3:49  Drone x3  
  52  3:52  Drone  
  52  3:55  Queen  
  58  3:59  Baneling Nest  
  57  4:02  Spine Crawler  
  57  4:03  Zergling x4  
  57  4:05  Zergling x2  
  57  4:07  Zergling x2  
  57  4:08  Zergling x2  
  61  4:13  Drone  
  61  4:15  Spore Crawler  
  61  4:19  Overlord  
  61  4:20  Zergling x8  
  61  4:23  Overlord  
  65  4:24  Zergling x2  
  65  4:32  Overlord  
  58  4:40  Zergling x14  
  58  4:45  Drone x4  
  63  4:47  Drone  
  63  4:51  Lair  
  63  4:52  Drone  
  65  4:53  Drone  
  65  4:54  Drone  
  65  4:56  Drone  
  65  4:59  Drone  
  67  5:02  Drone  
  67  5:05  Drone  
  65  5:07  Drone  
  65  5:13  Overlord  
  66  5:15  Drone  
  66  5:16  Extractor  
  66  5:17  Extractor, Drone  
  66  5:24  Queen  
  66  5:26  Drone x2, Spore Crawler  
  66  5:28  Drone x2  
  71  5:31  Queen  
  71  5:32  Drone x2  
  71  5:35  Drone  
  76  5:40  Spore Crawler  
  75  5:43  Zergling x4  
  75  5:45  Drone  
  78  5:50  Drone  
  78  5:51  Drone x7  
  78  5:54  Overseer  
  78  5:55  Spire  
  85  5:57  Extractor x2, Overseer  
  85  6:01  Drone x4  
  85  6:09  Drone x3  
  83  6:18  Extractor  
  83  6:19  Drone  
  83  6:20  Drone x7  
  83  6:21  Overlord  
  90  6:25  Overlord  
  90  6:28  Baneling  
  90  6:29  Baneling x2  
  90  6:30  Overlord  
  90  6:32  Overlord  
  90  6:33  Overlord  
  90  6:34  Overlord  
  90  6:42  Overlord  
  90  6:45  Zergling x6  
  93  6:49  Zergling x14  
  93  6:51  Centrifical Hooks  
  93  6:53  Overlord  
  100  7:06  Drone x2, Mutalisk x5  
  112  7:11  Mutalisk  
  112  7:12  Evolution Chamber  
  112  7:13  Evolution Chamber  
  112  7:16  Mutalisk  
  112  7:17  Mutalisk  
  115  7:23  Zergling x2  
  115  7:24  Zergling x10  
  121  7:30  Baneling  
  121  7:31  Baneling x7  
  121  7:35  Overlord  
  121  7:36  Zergling x12  
  127  7:43  Zerg Flyer Weapons Level 1  
  127  7:46  Zergling x4  
  127  7:49  Mutalisk x2  
  133  7:53  Overlord  
  124  7:59  Mutalisk  
  124  8:02  Zergling x12  
  124  8:04  Hatchery  
  123  8:08  Zerg Ground Armor Level 1  
  124  8:12  Drone  
  124  8:15  Drone x5  
  124  8:17  Drone  
  129  8:24  Baneling x3  
  129  8:25  Mutalisk  
  131  8:28  Overlord, Mutalisk  
  133  8:34  Mutalisk  
  133  8:38  Mutalisk  
  133  8:40  Zergling x2  
  133  8:41  Zergling x16  
  142  8:47  Unknown  
  141  8:50  Drone x2  
  141  8:52  Drone, Zerg Melee Weapons Level 1  
  144  9:02  Zergling x4  
  144  9:03  Overlord  
  144  9:08  Mutalisk x4  
  147  9:10  Zergling x10  
  152  9:17  Queen  
  152  9:18  Drone x4  
  158  9:25  Mutalisk x2  
  158  9:27  Overlord  
  158  9:30  Zergling x2  
  161  9:35  Overlord  
  161  9:36  Zergling x12  
  161  9:37  Baneling x2  
  167  9:43  Zergling x6  
  167  9:44  Baneling x7  
  167  9:45  Baneling x5  
  169  9:46  Overlord  
  169  9:47  Zergling x2  
  169  9:48  Zergling x2  
  169  9:49  Baneling x3  
  169  9:50  Baneling  
  171  9:53  Zergling x8  
  175  10:01  Zergling x8  
  179  10:10  Zergling x16  
  187  10:20  Baneling x2  
  187  10:22  Zergling x12  
  187  10:25  Drone x2  
  187  10:26  Infestation Pit  
  194  10:29  Hatchery  
  194  10:31  Drone  
  194  10:32  Drone  
  193  10:36  Baneling x17  
  193  10:38  Zergling x6  
  193  10:40  Zergling x2  
  193  10:42  Zergling x6  
  200  10:52  Baneling x3  
  200  10:53  Baneling x7  
  199  11:01  Baneling  
  199  11:02  Baneling x10  
  199  11:10  Zergling x8  
  195  11:12  Mutalisk x3  
  195  11:14  Zergling x2  
  195  11:15  Zergling x16  
  195  11:18  Zergling x8  
  180  11:23  Zergling x2  
  180  11:24  Zergling x6  
  179  11:29  Zergling x4  
Show
View Real Time Build Order
Export as new Build Order

Liquidthermy Terran 

Build Orders: Hellion Opening 

Get SALT Encoding   

  12  0:01  SCV  
  13  0:13  SCV  
  14  0:17  Supply Depot  
  14  0:26  SCV  
  15  0:39  SCV  
  15  0:40  Barracks  
  16  0:43  Refinery  
  16  0:51  SCV  
  17  1:03  SCV  
  18  1:15  SCV  
  19  1:27  Barracks Reactor  
  19  1:28  Orbital Command  
  19  1:38  Command Center  
  19  1:48  Supply Depot  
  19  1:54  SCV  
  20  2:04  Marine x2  
  20  2:06  SCV  
  23  2:09  Factory  
  23  2:16  Refinery  
  23  2:18  SCV  
  23  2:21  Marine  
  23  2:22  Marine  
  26  2:30  SCV  
  27  2:39  Marine x2  
  27  2:42  SCV  
  30  2:50  Orbital Command  
  30  2:54  SCV, Starport  
  31  3:01  Hellion x2  
  35  3:06  SCV  
  35  3:11  Supply Depot  
  36  3:15  Marine  
  36  3:16  SCV  
  38  3:23  Hellion  
  38  3:26  Hellion  
  42  3:29  SCV  
  42  3:31  Medivac  
  42  3:33  Marine  
  46  3:35  SCV  
  47  3:41  Fusion Core  
  47  3:45  Hellion  
  47  3:48  Hellion  
  51  3:53  SCV  
  51  3:54  Supply Depot  
  51  3:55  SCV  
  53  4:02  Starport Tech Lab, Barracks Tech Lab  
  53  4:06  SCV  
  54  4:16  SCV  
  55  4:17  Command Center  
  55  4:20  SCV  
  56  4:28  SCV  
  57  4:32  SCV  
  57  4:34  Hellion  
  58  4:41  Hellion  
  58  4:42  SCV  
  55  4:48  Battlecruiser  
  55  4:51  SCV  
  62  4:53  Supply Depot  
  62  4:54  Marine, Stimpack  
  61  5:06  SCV  
  54  5:09  SCV  
  54  5:11  Barracks  
  54  5:12  Barracks  
  54  5:13  Factory Reactor  
  55  5:14  Marine  
  55  5:18  SCV  
  55  5:20  Engineering Bay x2  
  56  5:21  SCV, Refinery  
  57  5:30  SCV  
  57  5:31  Orbital Command  
  57  5:32  Marine  
  57  5:34  SCV  
  58  5:42  SCV  
  59  5:43  Barracks  
  59  5:45  Barracks  
  59  5:46  SCV  
  59  5:47  Terran Infantry Armor Level 1, Terran Infantry Weapons Level 1  
  60  5:54  SCV  
  61  5:57  Marine  
  61  5:58  Orbital Command  
  61  6:01  Marine x2  
  61  6:02  Starport Reactor  
  61  6:03  SCV  
  65  6:07  SCV  
  66  6:13  Marine x2  
  66  6:15  SCV, Marine  
  66  6:17  Siege Tank  
  73  6:19  SCV, Marine  
  73  6:22  Marine  
  73  6:24  Supply Depot  
  73  6:25  SCV, Supply Depot  
  77  6:27  SCV, Refinery  
  77  6:31  SCV, Marine  
  77  6:32  Marine, Barracks Reactor x2  
  80  6:33  Marine  
  80  6:36  Supply Depot  
  80  6:37  SCV, Marine  
  80  6:39  SCV  
  85  6:45  Supply Depot  
  85  6:46  SCV, Marine, Medivac x2  
  91  6:47  Supply Depot  
  91  6:49  Marine  
  91  6:51  SCV  
  91  6:52  Marine x2  
  91  6:53  Siege Tank  
  98  6:57  SCV  
  98  6:58  Marine  
  98  7:00  SCV, Supply Depot  
  101  7:03  Marine  
  101  7:04  Missile Turret  
  101  7:05  Missile Turret  
  101  7:07  Missile Turret  
  102  7:11  Combat Shield  
  102  7:12  Armory  
  102  7:14  Marine x2  
  102  7:15  Marine  
  105  7:19  Marine  
  105  7:21  Marine x3  
  105  7:22  Marine x2  
  111  7:26  Medivac  
  111  7:29  SCV  
  114  7:32  Marine x2  
  114  7:34  Marine  
  114  7:36  Medivac  
  119  7:37  Marine  
  119  7:39  Marine x2  
  119  7:42  Siege Tank  
  126  7:48  Barracks  
  126  7:49  Barracks  
  126  7:50  Barracks, Supply Depot  
  125  7:51  Marine  
  119  8:01  Marine x2  
  119  8:02  Marine x4  
  119  8:03  Marine x2  
  116  8:09  Marine, Terran Infantry Weapons Level 2  
  113  8:15  Medivac  
  113  8:19  Marine x2  
  114  8:20  Marine x2  
  114  8:21  Marine  
  114  8:22  Marine  
  114  8:24  Marine  
  119  8:29  Terran Infantry Armor Level 2  
  119  8:31  Marine  
  119  8:32  Missile Turret  
  119  8:33  Marine  
  121  8:37  Marine x4  
  121  8:38  Marine  
  121  8:39  Marine  
  122  8:43  Marine x3  
  122  8:47  Siege Tank, Marine  
  129  8:48  Marine  
  129  8:51  Marine  
  129  8:55  Marine x5  
  133  8:57  Marine, Medivac  
  133  9:01  Marine x2  
  141  9:04  Marine  
  141  9:06  Marine  
  141  9:13  Supply Depot  
  141  9:14  Supply Depot  
  141  9:16  Supply Depot  
  141  9:24  Supply Depot  
  141  9:35  Siege Tank, Marine x9, Medivac  
  155  9:41  Marine x2  
  155  9:43  Marine  
  158  9:46  Supply Depot  
  158  9:48  Medivac  
  158  9:49  Command Center  
  160  9:53  Marine x2  
  160  9:56  Marine x2  
  160  9:58  Marine  
  165  10:02  Marine x2  
  165  10:03  Marine  
  165  10:05  Medivac, Sensor Tower  
  165  10:06  Marine  
  165  10:07  Siege Tank, Marine  
  168  10:09  Marine  
  173  10:14  Marine  
  173  10:18  Marine  
  175  10:23  Medivac  
  175  10:24  Marine x2  
  175  10:26  Marine  
  175  10:27  Marine  
  181  10:33  Marine  
  181  10:40  Marine  
  181  10:48  Marine  
  181  10:56  Marine  
  181  10:57  Marine  
  181  11:00  Siege Tank, Marine x4  
  188  11:06  Medivac, Marine, Supply Depot  
  181  11:11  Medivac  
  181  11:17  Marine x2  
  181  11:18  Marine  
  127  11:19  Marine x8  
  127  11:24  Marine  
  127  11:25  SCV  
Tags
 
Add a new tag
Caveats
  • Supply blocks, unpowered buildings, or Contaminate may cause inaccurate times.
  • Supply counts are checked every 10 seconds.